PAA
CASPER GHOSTS @ YAKIMA HOPS
09/04/2025
 
TOP OF THE 1ST
Casper Ghosts batting - Pitching for Yakima Hops : LHP Mathieu Neri
Pitching: LHP Mathieu Neri
Batting: LHB Kyle Mann 0-0: Ball
1-0: Ball
2-0: Ball
3-0: Called Strike
3-1: Base on Balls
Batting: RHB Félix Ramos 0-0: Foul Ball, location: 2F
0-1: Ball
1-1: Swinging Strike
1-2: Ball
2-2: Foul Ball, location: 2F
2-2: SINGLE (Groundball, 6D)
Kyle Mann to second
Batting: RHB Ricardo Cardenas 0-0: Foul Ball, location: 2F
0-1: Ball
1-1: Called Strike
1-2: Ball
2-2: Strikes out looking
Batting: RHB Ron Coffman 0-0: Called Strike
0-1: Fly out, F9 (Flyball, 9LM)
Batting: SHB Erjan Kerstens 0-0: Called Strike
0-1: Foul Ball, location: 2F
0-2: Strikes out swinging
Top of the 1st over - 0 run(s), 1 hit(s), 0 error(s), 2 left on base; Casper 0 - Yakima 0
BOTTOM OF THE 1ST
Yakima Hops batting - Pitching for Casper Ghosts : RHP José Vega
Pitching: RHP José Vega
Batting: SHB Orlando Villa 0-0: Called Strike
0-1: Ball
1-1: Foul Ball, location: 2F
1-2: Ball
2-2: Strikes out swinging
Batting: SHB Joaquín Reyes 0-0: Ball
1-0: Fly out, F8 (Flyball, 8RM)
Batting: RHB Rafael Najcrea 0-0: Ground out 5-3 (Groundball, 5)
Bottom of the 1st over - 0 run(s), 0 hit(s), 0 error(s), 0 left on base; Casper 0 - Yakima 0
TOP OF THE 2ND
Casper Ghosts batting - Pitching for Yakima Hops : LHP Mathieu Neri
Batting: RHB Anbrosio Oppenes 0-0: Ball
1-0: Ball
2-0: Called Strike
2-1: Called Strike
2-2: Foul Ball, location: 2F
2-2: Foul Ball, location: 2F
2-2: Ball
3-2: Strikes out swinging
Batting: RHB Manny Maltby 0-0: Ball
1-0: Ball
2-0: Ball
3-0: Called Strike
3-1: SINGLE (Flyball, 89S)
Batting: RHB Roberto De La Cruz 0-0: Called Strike
0-1: Ball
1-1: Ball
2-1: Called Strike
2-2: Fly out, F4 (Popup, 34D)
Batting: SHB Alonso Rodríguez 0-0: Ball
1-0: Ground out 5-3 (Groundball, 5S)
Top of the 2nd over - 0 run(s), 1 hit(s), 0 error(s), 1 left on base; Casper 0 - Yakima 0
BOTTOM OF THE 2ND
Yakima Hops batting - Pitching for Casper Ghosts : RHP José Vega
Batting: SHB Albert Sánchez 0-0: SINGLE (Flyball, 8LS)
Batting: RHB Timothy Jones 0-0: Ball
1-0: SINGLE (Flyball, 89S)
Albert Sánchez to second
Runner from 2nd tries for 3rd, SAFE, throw made to third
Batting: SHB Esteban Lugo 0-0: Ball
1-0: Called Strike
1-1: Foul Ball, location: 2F
1-2: Foul Ball, location: 2F
1-2: Foul Ball, location: 2F
1-2: Fly out, F7 (Flyball, 7)
Runner from 3rd tags up, OUT at HOME
Timothy Jones to second
Batting: RHB Lenny Roper 0-0: Ball
1-0: Foul Ball, location: 2F
1-1: Ball
2-1: Ground out 6-3 (Groundball, 6)
Bottom of the 2nd over - 0 run(s), 2 hit(s), 0 error(s), 1 left on base; Casper 0 - Yakima 0
TOP OF THE 3RD
Casper Ghosts batting - Pitching for Yakima Hops : LHP Mathieu Neri
Batting: LHB Kyle Mann 0-0: Foul Ball, location: 2F
0-1: Ball
1-1: Fly out, F9 (Line Drive, 9)
Batting: RHB Félix Ramos 0-0: Ball
1-0: Called Strike
1-1: Foul Ball, location: 2F
1-2: Foul Ball, location: 2F
1-2: Ground out 6-3 (Groundball, 6)
Batting: RHB Ricardo Cardenas 0-0: Ball
1-0: Ground out 6-3 (Groundball, 6D)
Top of the 3rd over - 0 run(s), 0 hit(s), 0 error(s), 0 left on base; Casper 0 - Yakima 0
BOTTOM OF THE 3RD
Yakima Hops batting - Pitching for Casper Ghosts : RHP José Vega
Batting: SHB Domingo Luna 0-0: Called Strike
0-1: Called Strike
0-2: Ball
1-2: Ground out 6-3 (Groundball, 6MS)
Batting: RHB Bryant Skelly 0-0: Foul Ball, location: 2F
0-1: Ground out 6-3 (Groundball, 6MS)
Batting: SHB Orlando Villa 0-0: Ball
1-0: Ball
2-0: Fly out, F9 (Flyball, 89M)
Bottom of the 3rd over - 0 run(s), 0 hit(s), 0 error(s), 0 left on base; Casper 0 - Yakima 0
TOP OF THE 4TH
Casper Ghosts batting - Pitching for Yakima Hops : LHP Mathieu Neri
Batting: RHB Ron Coffman 0-0: Called Strike
0-1: Ball
1-1: Ball
2-1: Foul Ball, location: 2F
2-2: Foul Ball, location: 2F
2-2: SINGLE (Groundball, 56D)
Batting: SHB Erjan Kerstens 0-0: Foul Ball, location: 2F
0-1: Ball
1-1: Called Strike
1-2: Foul Ball, location: 2F
1-2: Ball
2-2: Grounds into double play, 5-4-3 (Groundball, 56)
Batting: RHB Anbrosio Oppenes 0-0: Ground out 3-1 (Groundball, 34)
Top of the 4th over - 0 run(s), 1 hit(s), 0 error(s), 0 left on base; Casper 0 - Yakima 0
BOTTOM OF THE 4TH
Yakima Hops batting - Pitching for Casper Ghosts : RHP José Vega
Batting: SHB Joaquín Reyes 0-0: Ball
1-0: Ball
2-0: Called Strike
2-1: Foul Ball, location: 2F
2-2: DOUBLE (Flyball, 8LD)
Batting: RHB Rafael Najcrea 0-0: Ground out 4-3 (Groundball, 4M)
Joaquín Reyes to third
Batting: SHB Albert Sánchez 0-0: Called Strike
0-1: Ball
1-1: Ball
2-1: SINGLE (Line Drive, 4D)
Joaquín Reyes scores
Batting: RHB Timothy Jones 0-0: Called Strike
0-1: Grounds into double play, 4-6-3 (Groundball, 4)
Bottom of the 4th over - 1 run(s), 2 hit(s), 0 error(s), 0 left on base; Casper 0 - Yakima 1
TOP OF THE 5TH
Casper Ghosts batting - Pitching for Yakima Hops : LHP Mathieu Neri
Batting: RHB Manny Maltby 0-0: Foul Ball, location: 2F
0-1: Called Strike
0-2: Foul Ball, location: 2F
0-2: Ball
1-2: Foul Ball, location: 2F
1-2: Ball
2-2: Ground out 4-3 (Groundball, 34)
Batting: RHB Roberto De La Cruz 0-0: Hit by Pitch
Batting: SHB Alonso Rodríguez 0-0: Ball
1-0: Foul Ball, location: 2F
1-1: Ball
2-1: Foul Ball, location: 2F
2-2: Strikes out swinging
Batting: LHB Kyle Mann 0-0: Ball
1-0: Ball
2-0: Ball
3-0: Base on Balls
Roberto De La Cruz to second
Batting: RHB Félix Ramos 0-0: Foul Ball, location: 2F
0-1: Foul Ball, location: 2F
0-2: Fielders Choice at 2nd, 5-4 (Groundball, 5)
Top of the 5th over - 0 run(s), 0 hit(s), 0 error(s), 1 left on base; Casper 0 - Yakima 1
BOTTOM OF THE 5TH
Yakima Hops batting - Pitching for Casper Ghosts : RHP José Vega
Batting: SHB Esteban Lugo 0-0: Called Strike
0-1: Ball
1-1: Ball
2-1: SINGLE (Line Drive, 4D)
Batting: RHB Lenny Roper 0-0: Fly out, F8 (Line Drive, 8LD)
Runner from 1st tags up, SAFE at 2nd
Batting: SHB Domingo Luna 0-0: Called Strike
0-1: Ball
1-1: Ground out 5-3 (Groundball, 56)
Batting: RHB Bryant Skelly 0-0: Ball
1-0: Ball
2-0: Ball
3-0: Called Strike
3-1: Foul Ball, location: 2F
3-2: Foul Ball, location: 2F
3-2: Base on Balls
Batting: SHB Orlando Villa 0-0: Called Strike
0-1: Ball
1-1: Ball
2-1: Fly out, F7 (Flyball, 78M)
Bottom of the 5th over - 0 run(s), 1 hit(s), 0 error(s), 2 left on base; Casper 0 - Yakima 1
TOP OF THE 6TH
Casper Ghosts batting - Pitching for Yakima Hops : LHP Mathieu Neri
Batting: RHB Ricardo Cardenas 0-0: Reached on error, E7 (Flyball, 7S)
Batting: RHB Ron Coffman 0-0: Ball
1-0: Grounds into double play, 6-4-3 (Groundball, 6)
Batting: SHB Erjan Kerstens 0-0: Called Strike
0-1: Ball
1-1: Called Strike
1-2: Strikes out looking
Top of the 6th over - 0 run(s), 0 hit(s), 1 error(s), 0 left on base; Casper 0 - Yakima 1
BOTTOM OF THE 6TH
Yakima Hops batting - Pitching for Casper Ghosts : RHP José Vega
Batting: SHB Joaquín Reyes 0-0: Called Strike
0-1: Ball
1-1: Swinging Strike
1-2: Foul Ball, location: 2F
1-2: Ball
2-2: Ball
3-2: Base on Balls
Batting: RHB Rafael Najcrea 0-0: Ball
1-0: Ball
2-0: Foul Ball, location: 2F
2-1: Swinging Strike
2-2: Ball
3-2: Fly out, F8 (Flyball, 8LD)
Batting: SHB Albert Sánchez 0-0: Called Strike
0-1: Called Strike
0-2: Reached on error, E4 (Groundball, 4S)
Joaquín Reyes to third
Batting: RHB Timothy Jones 0-0: Fly out, F8 (Flyball, 8RM)
Runner from 3rd tags up, SCORES, throw made
Batting: SHB Esteban Lugo 0-0: Ball
1-0: Ball
2-0: Ball
3-0: Base on Balls
Batting: RHB Lenny Roper 0-0: Ball
1-0: Ground out U3 (Groundball, 3)
Bottom of the 6th over - 1 run(s), 0 hit(s), 1 error(s), 2 left on base; Casper 0 - Yakima 2
TOP OF THE 7TH
Casper Ghosts batting - Pitching for Yakima Hops : LHP Mathieu Neri
Batting: RHB Anbrosio Oppenes 0-0: Foul Ball, location: 2F
0-1: Ball
1-1: Ball
2-1: Fly out, F7 (Flyball, 7)
Batting: RHB Manny Maltby 0-0: Called Strike
0-1: Foul Ball, location: 2F
0-2: Ball
1-2: SINGLE (Flyball, 8RS)
Batting: RHB Roberto De La Cruz 0-0: Ball
Wild Pitch!
Manny Maltby to second
1-0: Ball
2-0: Ball
3-0: Called Strike
3-1: SINGLE (Groundball, 4MD)
Manny Maltby to third
Runner from 3rd tries for Home, throw and OUT!
Pitching: RHP John Sirica
Batting: SHB Alonso Rodríguez 0-0: Ball
1-0: Called Strike
1-1: Foul Ball, location: 2F
1-2: SINGLE (Line Drive, 4M)
Roberto De La Cruz to second
Runner from 2nd tries for 3rd, SAFE, throw made to third
Pinch Hitting: RHB Freddy Carea 0-0: Ball
1-0: Ball
2-0: Called Strike
2-1: Foul Ball, location: 2F
2-2: Fielders Choice at 2nd, 6-4 (Groundball, 6)
Top of the 7th over - 0 run(s), 3 hit(s), 0 error(s), 1 left on base; Casper 0 - Yakima 2
BOTTOM OF THE 7TH
Yakima Hops batting - Pitching for Casper Ghosts : RHP José Vega
Now in CF: Bert Cook
Batting: SHB Domingo Luna 0-0: Ball
1-0: Ball
2-0: Ball
3-0: Swinging Strike
3-1: Reached on error, E5 (Groundball, 5)
Batting: RHB Bryant Skelly 0-0: Ball
1-0: Bunted foul
1-1: Bunted foul
1-2: Ball
2-2: Ball
3-2: Foul Ball, location: 2F
3-2: Foul Ball, location: 2F
3-2: Strikes out swinging
Batting: SHB Orlando Villa 0-0: Ball
1-0: Ball
2-0: Foul Ball, location: 2F
2-1: Ball
3-1: Base on Balls
Domingo Luna to second
Batting: SHB Joaquín Reyes 0-0: Ball
Domingo Luna is caught stealing 3rd base
Orlando Villa to second
1-0: Fly out, F8 (Flyball, 8RS)
Bottom of the 7th over - 0 run(s), 0 hit(s), 1 error(s), 1 left on base; Casper 0 - Yakima 2
TOP OF THE 8TH
Casper Ghosts batting - Pitching for Yakima Hops : RHP John Sirica
Batting: RHB Félix Ramos 0-0: Ball
1-0: Called Strike
1-1: Ground out 4-3 (Groundball, 4M)
Batting: RHB Ricardo Cardenas 0-0: Ball
1-0: Called Strike
1-1: Ball
2-1: Fly out, F7 (Flyball, 7S)
Batting: RHB Ron Coffman 0-0: Called Strike
0-1: Ball
1-1: Called Strike
1-2: Ball
2-2: Fly out, F5 (Line Drive, 5S)
Top of the 8th over - 0 run(s), 0 hit(s), 0 error(s), 0 left on base; Casper 0 - Yakima 2
BOTTOM OF THE 8TH
Yakima Hops batting - Pitching for Casper Ghosts : RHP José Vega
Pitching: RHP Anthony Snyder
Batting: RHB Rafael Najcrea 0-0: Foul Ball, location: 2F
0-1: Ball
1-1: Ball
2-1: Fly out, F8 (Line Drive, 8LD)
Batting: SHB Albert Sánchez 0-0: Ball
1-0: Called Strike
1-1: Ground out 4-3 (Groundball, 34)
Batting: RHB Timothy Jones 0-0: Ball
1-0: Called Strike
1-1: Ball
2-1: Ground out 5-3 (Groundball, 56)
Bottom of the 8th over - 0 run(s), 0 hit(s), 0 error(s), 0 left on base; Casper 0 - Yakima 2
TOP OF THE 9TH
Casper Ghosts batting - Pitching for Yakima Hops : RHP John Sirica
Pitching: LHP Finn Wuilink
Batting: SHB Erjan Kerstens 0-0: Foul Ball, location: 2F
0-1: Ball
1-1: Called Strike
1-2: Ground out 6-3 (Groundball, 56D)
Batting: RHB Anbrosio Oppenes 0-0: Foul Ball, location: 2F
0-1: Called Strike
0-2: Ball
1-2: Strikes out swinging
Batting: RHB Manny Maltby 0-0: SINGLE (Flyball, 8LS)
Pinch Hitting: RHB Henry Lambright 0-0: Foul Ball, location: 2F
0-1: Foul Ball, location: 2F
0-2: Ball
1-2: Ball
2-2: Fly out, F9 (Line Drive, 9)
Top of the 9th over - 0 run(s), 1 hit(s), 0 error(s), 1 left on base; Casper 0 - Yakima 2
Friday, December 30th, 2016 - OOTP Baseball 17.12 Build 75